 Dungeon Crawl Stone Soup version 0.29.1-2-gbd0b4ee654 (webtiles) character file.

Game seed: 10824736519142971634

182 GorkyZ the Trooper (level 5, -3/44 HPs)
             Began as a Demonspawn Fighter on Nov 20, 2022.
             Slain by a bullfrog (5 damage)
             ... in a sewer.
             The game lasted 00:08:58 (3426 turns).

GorkyZ the Trooper (Demonspawn Fighter)             Turns: 3426, Time: 00:08:59

Health: -3/44      AC: 11    Str: 18    XL:     5   Next: 35%
Magic:  5/5        EV:  6    Int: 10    God:
Gold:   190        SH:  4    Dex: 12    Spells: 4/4 levels left

rFire   . . .      SeeInvis .   g - +0 spear
rCold   . . .      Faith    .   c - +0 buckler
rNeg    . . .      Spirit   .   j - +0 chain mail
rPois   .          Reflect  .   (no helmet)
rElec   .          Harm     .   e - +0 cloak
rCorr   .          Rampage  .   (no gloves)
Will    .....                   (no boots)
Stlth   ..........              (no amulet)
HPRegen 0.14/turn               (no ring)
MPRegen 0.09/turn               (no ring)

@: very slow
A: hooves 1, rugged brown scales 1, powered by pain 1
a: no special abilities


You were in a sewer.
You visited 1 branch of the dungeon, and saw 3 of its levels.
You also visited: Sewer.

You collected 190 gold pieces.

Inventory:

Hand Weapons
 a - a +0 trident
 g - a +0 spear (weapon)
Missiles
 q - 5 javelins (quivered)
Armour
 b - a +0 scale mail
 c - a +0 buckler (worn)
 e - a +0 cloak (worn)
 j - a +0 chain mail (worn)
Wands
 f - a wand of flame (21)
Scrolls
 i - a scroll of teleportation {unknown}
 k - 3 scrolls of identify {unknown}
 l - a scroll of vulnerability {unknown}
 m - a scroll of torment {unknown}
 n - a scroll of brand weapon {unknown}
 p - a scroll of acquirement {unknown}
 t - a scroll of amnesia {unknown}
Potions
 d - a potion of might
 o - a potion of haste {unknown}
 r - a potion of invisibility {unknown}
 s - a potion of curing {unknown}


   Skills:
 * Level 4.5 Fighting
 - Level 1.7 Polearms
 + Level 1.8 Throwing
 + Level 3.4 Armour
 - Level 2.6 Shields
 + Level 2.0 Evocations


You had 4 spell levels left.
You didn't know any spells.
Your spell library contained the following spells:

 Spells                   Type           Power      Damage    Failure   Level
 Freeze                   Ice            0%         1d3       100%        1
 Static Discharge         Conj/Air       0%         3-3/arc   100%        2
 Frozen Ramparts          Ice            0%         1d1       100%        3
 Tukima's Dance           Hex            0%         N/A       100%        3
 Hailstorm                Conj/Ice       0%         3d3       100%        4
 Passage of Golubria      Tloc           0%         N/A       100%        4
 Lightning Bolt           Conj/Air       0%         1d11      100%        5
 Yara's Violent Unravell  Hex/Tmut       0%         3d3       100%        5
 Maxwell's Capacitive Co  Air            0%         ∞         100%        8


Dungeon Overview and Level Annotations

Branches:
Dungeon (3/15)              Sewer (1/1)

Altars:
Hepliaklqana
Kikubaaqudgha
Qazlal


Innate Abilities, Weirdness & Mutations

You have large cloven feet.
You are partially covered in rugged brown scales. (AC +1, +3% HP)
You sometimes gain a little power by taking damage.


Message History

Your Evocations skill increases to level 2!
Your unstable footing causes you to fumble your attack.
You block the bullfrog's attack. The bullfrog hits you.
The frilled lizard barely misses you. You block the bullfrog's attack.
The bullfrog hits you but does no damage.
You closely miss the bullfrog. Your kick misses the bullfrog.
The bullfrog is heavily wounded.
The bullfrog hits you. You block the bullfrog's attack.
You block the frilled lizard's attack.
Your unstable footing causes you to fumble your attack.
You block the bullfrog's attack. The bullfrog hits you.
The frilled lizard barely misses you.
The bullfrog hits you but does no damage. x2
You closely miss the bullfrog. Your kick misses the bullfrog.
The bullfrog is heavily wounded.
The bullfrog hits you.
* * * LOW HITPOINT WARNING * * *
The bullfrog barely misses you.
The frilled lizard bites you but does no damage.
Your unstable footing causes you to fumble your attack.
The bullfrog hits you.
* * * LOW HITPOINT WARNING * * *
The bullfrog hits you but does no damage.
The frilled lizard bites you.
* * * LOW HITPOINT WARNING * * *
The bullfrog hits you but does no damage. x2
Your unstable footing causes you to fumble your attack.
The bullfrog hits you but does no damage.
The bullfrog hits you.
* * * LOW HITPOINT WARNING * * *
You block the frilled lizard's attack. The bullfrog hits you.
* * * LOW HITPOINT WARNING * * *
Unknown command.
Okay, then.
It was a potion of cancellation.
You feel magically purged.
The bullfrog hits you but does no damage.
You block the frilled lizard's attack.
The bullfrog hits you but does no damage.
The bullfrog hits you.
You die...

#~~#.###~~#≈≈~~~≈≈#~~##.~
#~~#~#~.~##≈~.~~≈≈##~~#~.
#~~#.#∩~~#≈~..~~~≈≈#~†#~.
#.~#.#~~~#≈~~~..~≈≈#~~#~~
#~~#~##~†#~~.~.?~~≈#~~#~.
#~~#~.#~~#.~~~[?.~≈#~~#~~
#~†#~~#~.#~~~$?$.~≈#~~#~.
#.~~~~#.F##..~?.~≈##~.#~~
#~~~~~#.@F~.~~..~≈#~~##~~
#~~~~.###l†~.~.~≈##†~#~..
#######~###~~~~≈##~~.#~~#
#~~~~.#######~~~##~~#
#~~~~..†.~~~~~~~#~~~#
##.~##.~~~~~~.~##~~##
##..##~~~~~.~##~.~#
#~~.###~.~###~~~.#
#.~~~~#####~~~~~##


You could see 2 bullfrogs and a frilled lizard.

Vanquished Creatures
  8 adders
  A worm (D:2)
  A dart slug (D:2)
  An orc (D:3)
  16 endoplasms
  9 giant cockroaches
  4 hobgoblins
  4 jackals
  9 kobolds
  12 quokkas
  8 ball pythons
  4 bats
  9 frilled lizards
  3 goblins
  5 rats
94 creatures vanquished.

Notes
Turn   | Place    | Note
-------+----------+-------------------------------------------
     0 | D:1      | GorkyZ the Demonspawn Fighter began the quest for the Orb.
     0 | D:1      | Reached XP level 1. HP: 18/18 MP: 1/1
   203 | D:1      | Gained mutation: You sometimes gain a little power by
                  | taking damage. [demonic ancestry]
   203 | D:1      | Reached XP level 2. HP: 24/24 MP: 2/2
   677 | D:1      | Noticed a shining eye
   680 | D:1      | Found a faded altar of an unknown god.
   681 | D:1      | Noticed an eye of devastation
   681 | D:1      | Noticed a shining eye
   681 | D:1      | Noticed a floating eye
  1048 | D:1      | Gained mutation: You are partially covered in rugged brown
                  | scales. (AC +1, +3% HP) [demonic ancestry]
  1048 | D:1      | Reached XP level 3. HP: 22/29 MP: 3/3
  1246 | D:1      | Reached skill level 1 in Evocations
  1370 | D:1      | Reached skill level 1 in Throwing
  1466 | D:2      | Found Hoophed's Jewellery Shop.
  1723 | D:2      | Reached XP level 4. HP: 29/38 MP: 4/4
  1997 | D:2      | Reached skill level 4 in Fighting
  2087 | D:2      | Found a stormy altar of Qazlal.
  2681 | D:3      | Found a hazy altar of Hepliaklqana.
  2774 | D:3      | Found a glowing drain.
  2820 | D:3      | Found an ancient bone altar of Kikubaaqudgha.
  2881 | Sewer    | Entered a sewer
  3057 | Sewer    | Gained mutation: You have large cloven feet. [demonic
                  | ancestry]
  3057 | Sewer    | Reached XP level 5. HP: 43/43 MP: 5/5
  3425 | Sewer    | HP: 2/44 [bullfrog (1)]
  3426 | Sewer    | Slain by a bullfrog

Illustrated notes

Levels and vault maps discovered:
D:1:      psy_arrival_terrarium, layout_loops_cross,
          hellmonk_ecumenical_altar_watching_god, dreamdust_wishing_well,
          minmay_misc_feat_nine_boxes
D:2:      layout_loops_cross, serial_shops, shop, basic_altar,
          minmay_tiny_reverse_x
D:3:      layout_basic, nicolae_overflow_hidden_temple, kiku_gazebo_pond_becter,
          mainiacjoe_overflow_alcove_1, gup_sewer_entry_glass, serial_aquarium,
          aquarium_bridge_long_joined [aquarium_subvault_window,
          aquarium_subvault_bridge, aquarium_subvault_wall,
          aquarium_subvault_bridge, aquarium_subvault_wall,
          aquarium_subvault_wall], aquarium_window_fake, aquarium_window_fake,
          aquarium_window_1, aquarium_view_2g, chequers_decorated_corner
Sewer:    sewer_frog_island_02

Skill      XL: |  1  2  3  4  5 |
---------------+----------------+-----
Armour         | 3 |  3.4
Evocations     | 1 2 |  2.0
Throwing       | 1 |  1.8
Fighting       | 4 |  4.5
Polearms       | |  1.7
Shields        | |  2.6

Action                   |  1- 3 |  4- 6 || total
-------------------------+-------+-------++-------
Melee: Trident           |    35 |       ||    35
       Spear             |   160 |   287 ||   447
       Kick              |       |    17 ||    17
  Use: Scroll            |       |     1 ||     1
       Potion            |       |     1 ||     1
Armor: Scale mail        |    69 |       ||    69
       Chain mail        |    47 |   179 ||   226
Dodge: Dodged            |    71 |    77 ||   148
Block: Buckler           |    44 |    55 ||    99
